 Dungeon Crawl Stone Soup version 0.28.0-45-g0d030f2227 (webtiles) character file.

Game seed: 12803809051639915316

59573 doidaretoeatapeach the Executioner (level 14, -7/121 HPs)
             Began as a Hill Orc Fighter on Apr 16, 2022.
             Was the Champion of Okawaru.
             Shot with an arrow by a centaur warrior (19 damage)
             ... on level 11 of the Dungeon.
             The game lasted 01:03:52 (22672 turns).

doidaretoeatapeach the Executioner (HOFi)          Turns: 22672, Time: 01:03:52

Health: -7/121     AC: 21    Str: 30    XL:     14   Next: 95%
Magic:  19/19      EV: 11    Int: 10    God:    Okawaru [******]
Gold:   1587       SH:  0    Dex: 18    Spells: 13/13 levels left

rFire   + . .      SeeInvis .   a - +6 executioner's axe "Hill Orc's Doom" {protect, Int+2 Stlth+}
rCold   + . .      Faith    .   (shield currently unavailable)
rNeg    . . .      Spirit   .   X - +1 plate armour {rPois}
rPois   +          Reflect  .   w - +2 hat
rElec   .          Harm     .   O - scarf {rC+ rF+}
rCorr   .          Rampage  .   k - +0 pair of gloves "Hakauwn" {rPois Dex+2}
Will    +....                   y - +0 pair of boots of Perfidy {Dex+6}
Stlth   ..........              (no amulet)
HPRegen 0.30/turn               i - +6 ring of strength
MPRegen 0.16/turn               l - +4 ring of slaying

@: attractive
A: no striking features
a: Renounce Religion, Heroism, Finesse, Duel


You were on level 11 of the Dungeon.
You worshipped Okawaru.
Okawaru was exalted by your worship.
You visited 3 branches of the dungeon, and saw 18 of its levels.
You also visited: Gauntlet.

You collected 1587 gold pieces.

Inventory:

Hand Weapons
 a - the +6 executioner's axe "Hill Orc's Doom" (weapon) {protect, Int+2 Stlth+}
   (Okawaru gifted it to you on level 5 of the Lair of Beasts)

   It grants its wielder temporary protection when it strikes (+7 to AC).
   Int:       It affects your intelligence (+2).
   Stlth:     It makes you more stealthy.
 b - the +9 great mace of Hacking and Slashing {vorpal, rN+ rCorr}
   (You took it off a minotaur in a Gauntlet)

   It inflicts extra damage upon your enemies.
   rN:        It protects you from negative energy.
   rCorr:     It protects you from acid and corrosion.
Missiles
 n - 5 atropa-tipped darts (quivered)
 E - 5 silver boomerangs
 U - 3 silver javelins
Armour
 k - the +0 pair of gloves "Hakauwn" (worn) {rPois Dex+2}
   (You found it on level 2 of the Dungeon)

   Dex:       It affects your dexterity (+2).
   rPois:     It protects you from poison.
 w - a +2 hat (worn)
 y - the +0 pair of boots of Perfidy (worn) {Dex+6}
   (You found it on level 5 of the Dungeon)

   Dex:       It affects your dexterity (+6).
 O - a scarf of resistance (worn)
 X - a +1 plate armour of poison resistance (worn)
Jewellery
 i - a +6 ring of strength (left hand)
 l - a +4 ring of slaying (right hand)
 G - a +4 ring of evasion
 K - a +4 ring of evasion
 N - the amulet "Kubiasev" {Rampage *Corrode rC+++ Regen+ Str+6}
   (You found it in a Gauntlet)

   [amulet of regeneration]

   Str:       It affects your strength (+6).
   rC:        It renders you almost immune to cold.
   Regen:     It increases your rate of health regeneration.
   *Corrode:  It may corrode you when you take damage.
   Rampage:   It bestows one free step when moving towards enemies.
 Q - a +4 ring of protection
Wands
 m - a wand of paralysis (6)
 r - a wand of iceblast (7)
 A - a wand of digging (5)
 D - a wand of flame (10)
 M - a wand of polymorph (3)
 R - a wand of mindburst (5)
Scrolls
 c - a scroll of brand weapon
 e - 4 scrolls of enchant weapon
 f - 2 scrolls of enchant armour
 g - 3 scrolls of silence
 h - 4 scrolls of fog
 j - 2 scrolls of vulnerability
 o - a scroll of blinking
 t - 4 scrolls of immolation
 u - 3 scrolls of magic mapping
 v - 3 scrolls of amnesia {unknown}
 x - 3 scrolls of teleportation
 J - 3 scrolls of holy word
 T - a scroll of noise {unknown}
 Y - a scroll of identify
Potions
 d - 6 potions of might
 p - a potion of flight
 q - 4 potions of haste
 s - a potion of lignification {unknown}
 z - a potion of resistance {unknown}
 B - 4 potions of curing
 C - a potion of cancellation {unknown}
 F - 3 potions of attraction
 H - a potion of experience {unknown}
 I - 2 potions of brilliance {unknown}
 L - a potion of degeneration {unknown}
 S - a potion of invisibility {unknown}
Miscellaneous
 V - a condenser vane
 W - a piece from Xom's chessboard (15/15)


   Skills:
 - Level 10.0 Fighting
 + Level 23.4 Axes
 + Level 6.3 Throwing
 - Level 12.0 Armour
 - Level 6.0 Dodging
 - Level 4.0 Shields
 - Level 7.0 Invocations
 - Level 5.0 Evocations


You had 13 spell levels left.
You didn't know any spells.
Your spell library contained the following spells:

 Spells                   Type           Power      Damage    Failure   Level
 Sandblast                Erth           0%         2d4       94%         1
 Passwall                 Tmut/Erth      0%         N/A       98%         2
 Dazzling Flash           Conj/Hex       0%         N/A       100%        3
 Stone Arrow              Conj/Erth      0%         3d7       100%        3
 Hailstorm                Conj/Ice       0%         3d3       100%        4
 Ice Form                 Ice/Tmut       0%         N/A       100%        4
 Iskenderun's Mystic Bla  Conj/Tloc      0%         2d3       100%        4
 Petrify                  Tmut/Erth      0%         N/A       100%        4
 Metabolic Englaciation   Hex/Ice        0%         N/A       100%        5
 Starburst                Conj/Fire      0%         6d3       100%        6
 Statue Form              Tmut/Erth      0%         N/A       100%        6
 Lehudib's Crystal Spear  Conj/Erth      0%         10d2      100%        8
 Animate Armour           Summ/Erth      Unusable   N/A       N/A         4
 Simulacrum               Ice/Necr       Unusable   N/A       N/A         6

Dungeon Overview and Level Annotations

Branches:
Dungeon (11/15)            Temple (1/1) D:7            Lair (6/6) D:10
  Swamp (0/4) Lair:3        Snake (0/4) Lair:4        Slime (0/5) Lair:6
Gauntlet (visited)
    Orc: D:9-12

Altars:
Ashenzari
Cheibriados
Dithmenos
Elyvilon
Fedhas
Gozag
Hepliaklqana
Kikubaaqudgha
Makhleb
Nemelex Xobeh
Okawaru
Qazlal
Ru
Sif Muna
Trog
Uskayaw
Vehumet
Wu Jian
Xom
Yredelemnul
Zin
The Shining One
Jiyva

Shops:
D:5 =*[   D:10 (

Portals:
Trove: D:10 (give +4 fire dragon scales)

Annotations:
D:2 Sigmund
Lair:4 3 runed translucent doors, Zaegoraum's ghost, journeyman DsAK


Message History

The two-headed ogre is almost dead.
The two-headed ogre hits you but does no damage.
The two-headed ogre hits you with a +0 giant spiked club!
You slash the two-headed ogre!
You kill the two-headed ogre!
Okawaru accepts your kill.
A centaur warrior comes into view.
You throw a javelin.
The javelin pierces through the centaur warrior but does no damage.
The centaur warrior wields a +0 shortbow.
The centaur warrior shoots an arrow.
The arrow hits you.
The centaur warrior shoots an arrow.
The arrow hits you.
You throw a javelin.
The javelin pierces through the centaur warrior!
The centaur warrior is moderately wounded.
The centaur warrior shoots an arrow.
The arrow hits you!
You throw a javelin.
The javelin pierces through the centaur warrior!!
The centaur warrior is severely wounded.
The centaur warrior shoots an arrow.
The arrow hits you!!
The centaur warrior shoots an arrow.
The arrow hits you!
You are too injured to fight recklessly!
The centaur warrior shoots an arrow.
The arrow hits you!!
* * * LOW HITPOINT WARNING * * *
Items here: )) ††.
Items here: ) ? [ †.
Okay, then.
The centaur warrior shoots an arrow.
The arrow hits you!!
* * * LOW HITPOINT WARNING * * *
Okay, then.
As you read the scroll of fog, it crumbles to dust.
The scroll dissolves into smoke.
It was a potion of curing.
You feel better.
The centaur warrior shoots an arrow.
The arrow barely misses you.
The centaur warrior shoots an arrow.
The arrow hits you.
* * * LOW HITPOINT WARNING * * *
It was a potion of attraction.
You feel attractive to monsters.
The centaur warrior shoots an arrow.
The arrow hits you!!
You die...

..# ### ## ##.#
..# #. .#.# ...
.#.#.# #.##..#.#
#.#§##.##
#§c))..#
#.#§##..###
#§@#....##
#....§#§#.....##
..#.#.§§#...c..#
# #####.....##
#....###
#...(..###
#.#......##
#.#.......#
..###.....#


You could see a centaur warrior.

Vanquished Creatures
  A minotaur (Gauntlet)
  A fire dragon (D:11)
  Snorg (Lair:4)
  A boulder beetle (Lair:3)
  11 hydras
  A catoblepas (Lair:6)
  Erica (D:9)
  3 two-headed ogres
  8 death yaks (Lair:6)
  A deep troll shaman (Lair:6)
  2 soul eaters (Gauntlet)
  A lindwurm (Lair:6)
  4 oklob plants
  A cyclops (D:7)
  2 black mambas
  14 elephants
  An apocalypse crab (Gauntlet)
  13 cane toads
  A torpor snail (Lair:6)
  2 gargoyles (D:10)
  4 rime drakes
  An unseen horror (D:11)
  7 komodo dragons
  4 trolls
  A guardian mummy (D:10)
  4 polar bears
  Prince Ribbit (D:6)
  23 blink frogs
  4 dream sheep (Lair:2)
  3 shadows
  A vampire (D:11)
  3 wyverns
  55 yaks
  Grum (D:9)
  A steam dragon (Lair:5)
  2 basilisks
  A vampire mosquito (D:11)
  2 swamp worms (Lair:3)
  17 water moccasins
  A floating eye (Lair:1)
  A sky beast (D:6)
  4 orc warriors
  A swamp drake (Lair:5)
  4 black bears
  A necrophage (D:3)
  An ice beast (D:8)
  An ogre (D:5)
  25 wolves
  2 centaurs
  5 kobold brigands
  A phantom (D:4)
  5 scorpions
  7 bullfrogs
  A gnoll sergeant (D:11)
  A water moccasin skeleton (D:4)
  7 howler monkeys
  20 wights
  3 centaur zombies
  A bullfrog zombie (D:5)
  6 orc priests
  2 hounds (D:6)
  2 gnoll shamans (D:5)
  2 bullfrog skeletons (D:5)
  Natasha (thrice) (D:2)
  2 iguanas
  An orc wizard (D:11)
  5 adders
  16 gnolls
  6 shadow imps
  A white imp (D:5)
  2 ufetubi
  An adder skeleton (D:4)
  2 worms
  A dart slug (D:2)
  26 orcs
  3 bat skeletons (D:5)
  2 bat zombies (D:5)
  6 endoplasms
  4 giant cockroaches
  7 goblins
  10 hobgoblins
  3 jackals (D:2)
  20 kobolds
  4 quokkas
  5 ball pythons
  3 bats
  5 frilled lizards
  3 rats
450 creatures vanquished.

Vanquished Creatures (others)
  A rime drake (Lair:5)
  14 demonic plants (Gauntlet)
  59 fungi
  124 plants
198 creatures vanquished.

Grand Total: 648 creatures vanquished

Notes
Turn   | Place    | Note
-------+----------+-------------------------------------------
     0 | D:1      | doidaretoeatapeach the Hill Orc Fighter began the quest for
                  | the Orb.
     0 | D:1      | Reached XP level 1. HP: 19/19 MP: 1/1
    13 | D:1      | Reached skill level 3 in Axes
   129 | D:1      | Reached XP level 2. HP: 26/26 MP: 2/2
   142 | D:1      | Reached skill level 4 in Axes
   607 | D:2      | Reached XP level 3. HP: 31/31 MP: 3/3
   682 | D:2      | Reached skill level 5 in Axes
   959 | D:1      | Reached XP level 4. HP: 33/39 MP: 4/4
  1089 | D:2      | Noticed Sigmund
  1218 | D:2      | Identified the +0 pair of gloves "Hakauwn" {rPois Dex+2}
  1331 | D:2      | Noticed Natasha
  1337 | D:2      | Killed Natasha
  1338 | D:2      | Reached skill level 6 in Axes
  1637 | D:2      | Identified the +1 ring mail of the Guardian {rF+}
  1786 | D:2      | Noticed Natasha
  1801 | D:2      | Killed Natasha
  1802 | D:2      | Reached XP level 5. HP: 13/46 MP: 5/5
  2053 | D:2      | Noticed Natasha
  2056 | D:2      | Killed Natasha
  2293 | D:3      | Found a glowing silver altar of Zin.
  2398 | D:3      | Noticed a necrophage
  2402 | D:3      | Killed a necrophage
  2403 | D:3      | Reached skill level 7 in Axes
  2403 | D:3      | Reached XP level 6. HP: 46/52 MP: 6/6
  2489 | D:3      | Found a sparkling altar of Nemelex Xobeh.
  3208 | D:3      | Found a faded altar of an unknown god.
  3437 | D:4      | Reached skill level 8 in Axes
  3477 | D:4      | You fall into a shaft and drop 3 floors!
  3521 | D:7      | Reached XP level 7. HP: 32/58 MP: 7/7
  3733 | D:7      | Found a staircase to the Ecumenical Temple.
  3746 | Temple   | Entered the Ecumenical Temple
  3753 | Temple   | Reached skill level 9 in Axes
  3998 | Temple   | Became a worshipper of Warmaster Okawaru
  4246 | D:6      | Reached skill level 5 in Armour
  4246 | D:6      | Reached skill level 1 in Invocations
  4320 | D:5      | Entered Level 5 of the Dungeon
  4453 | D:4      | Reached * piety under Okawaru
  4515 | D:4      | Reached XP level 8. HP: 66/66 MP: 11/11
  4586 | D:4      | Reached skill level 5 in Invocations
  4802 | D:4      | Found a broken altar of Ashenzari.
  4812 | D:4      | Found a blossoming altar of Fedhas.
  5462 | D:5      | Found Xeesimov's Overcharged Wands.
  5574 | D:5      | Found Aqualib's Jewellery Emporium.
  5617 | D:5      | Reached skill level 10 in Axes
  5641 | D:5      | Reached ** piety under Okawaru
  5642 | D:5      | Reached skill level 11 in Axes
  5646 | D:5      | Found Wiargh's Armour Shop.
  5730 | D:5      | Identified the +0 pair of boots of Perfidy {Dex+6}
  5773 | D:5      | Found an ornate altar of the Wu Jian Council.
  5923 | D:5      | Found an ancient bone altar of Kikubaaqudgha.
  6124 | D:6      | Reached skill level 12 in Axes
  6461 | D:6      | Noticed Prince Ribbit
  6476 | D:6      | Reached XP level 9. HP: 71/71 MP: 12/12
  6492 | D:6      | Killed Prince Ribbit
  6493 | D:6      | Reached skill level 1 in Dodging
  7400 | D:7      | Reached *** piety under Okawaru
  7495 | D:7      | Noticed a cyclops
  7501 | D:7      | Found a snail-covered altar of Cheibriados.
  7503 | D:7      | Killed a cyclops
  7829 | D:8      | Reached skill level 1 in Throwing
  7889 | D:8      | Received a gift from Okawaru
  8082 | D:8      | Reached XP level 10. HP: 65/78 MP: 13/13
  8354 | D:8      | Reached skill level 13 in Axes
  8509 | D:8      | Reached **** piety under Okawaru
  8950 | D:9      | Noticed Grum
  8952 | D:9      | Received a gift from Okawaru
  8960 | D:9      | Killed Grum
  9335 | D:9      | Noticed a two-headed ogre
  9355 | D:9      | Killed a two-headed ogre
  9356 | D:9      | Reached skill level 14 in Axes
  9472 | D:9      | Noticed Erica
  9816 | D:9      | Killed Erica
  9817 | D:9      | Reached skill level 15 in Axes
 10033 | D:10     | Entered Level 10 of the Dungeon
 10033 | D:10     | Found Eheokk's Antique Weapon Emporium.
 10269 | D:10     | Reached skill level 16 in Axes
 10281 | D:10     | Noticed a gargoyle
 10285 | D:10     | Killed a gargoyle
 10285 | D:10     | Reached ***** piety under Okawaru
 10285 | D:10     | Noticed a gargoyle
 10368 | D:10     | Killed a gargoyle
 10369 | D:10     | Reached XP level 11. HP: 84/84 MP: 14/16
 10431 | D:10     | HP: 4/84 [something (22)]
 10810 | D:10     | Found a portal to a secret trove of treasure.
 11026 | D:10     | Found a staircase to the Lair.
 11029 | D:10     | Reached skill level 5 in Evocations
 11164 | Lair:1   | Entered Level 1 of the Lair of Beasts
 11173 | Lair:1   | Noticed a seven-headed hydra
 11562 | D:10     | Killed a seven-headed hydra
 11791 | Lair:1   | Reached skill level 5 in Fighting
 12096 | Lair:1   | Noticed an oklob plant
 12115 | Lair:1   | Paralysed by a floating eye for 3 turns
 12139 | Lair:1   | Received a gift from Okawaru
 12310 | Lair:1   | Noticed an oklob plant
 12706 | Lair:1   | Killed an oklob plant
 12890 | Lair:1   | Killed an oklob plant
 13132 | Lair:2   | Noticed a five-headed hydra
 13175 | Lair:2   | Reached skill level 17 in Axes
 13240 | Lair:2   | Received a gift from Okawaru
 13500 | Lair:2   | Reached XP level 12. HP: 84/101 MP: 17/17
 13515 | Lair:2   | Reached ****** piety under Okawaru
 13518 | Lair:2   | Reached skill level 18 in Axes
 14296 | Lair:2   | Killed a five-headed hydra
 14400 | Lair:3   | Noticed a boulder beetle
 14449 | Lair:3   | Found a gate leading to a gauntlet.
 14456 | Gauntlet | Entered a Gauntlet
 14456 | Gauntlet | Found a transporter.
 14456 | Gauntlet | Found a transporter.
 14456 | Gauntlet | Found a transporter.
 14457 | Gauntlet | Noticed a soul eater
 14466 | Gauntlet | Found a transporter.
 14469 | Gauntlet | Found a transporter.
 14477 | Gauntlet | Found a transporter.
 14478 | Gauntlet | Noticed a soul eater
 14480 | Gauntlet | Found a transporter.
 14488 | Gauntlet | Found a transporter.
 14505 | Gauntlet | Noticed a great orb of eyes
 14506 | Gauntlet | Found a transporter.
 14524 | Gauntlet | Found a transporter.
 14527 | Gauntlet | Found a transporter.
 14537 | Gauntlet | Found a transporter.
 14682 | Gauntlet | Killed a soul eater
 14795 | Gauntlet | Killed a soul eater
 14796 | Gauntlet | Reached skill level 10 in Armour
 14824 | Gauntlet | Identified the +5 quarterstaff "Diniv" {drain, Fly rPois
                  | rF- Str+5}
 14825 | Gauntlet | Identified the amulet "Kubiasev" {Rampage *Corrode rC+++
                  | Regen+ Str+6}
 14842 | Gauntlet | Identified the +9 great mace of Hacking and Slashing
                  | {vorpal, rN+ rCorr}
 14842 | Gauntlet | Noticed a minotaur
 14861 | Gauntlet | Killed a minotaur
 14876 | Gauntlet | Identified the +6 glaive of Fate {vorpal, rPois Str-5
                  | Dex+5}
 14897 | Lair:3   | Reached skill level 5 in Dodging
 15154 | Lair:3   | Noticed a seven-headed hydra
 15154 | Lair:3   | Noticed an eight-headed hydra
 15165 | Lair:3   | Noticed a four-headed hydra
 15531 | Lair:3   | Noticed a four-headed hydra
 15543 | Lair:3   | Killed a four-headed hydra
 15819 | Lair:3   | Reached skill level 5 in Throwing
 16094 | Lair:3   | Killed a four-headed hydra
 16097 | Lair:3   | Reached XP level 13. HP: 107/107 MP: 15/18
 16114 | Lair:3   | Received a gift from Okawaru
 16324 | Lair:3   | Received a gift from Okawaru
 16552 | Lair:3   | Reached skill level 19 in Axes
 16956 | Lair:3   | Found a staircase to the Swamp.
 17159 | Lair:4   | Noticed Snorg
 17181 | Lair:4   | Killed Snorg
 17864 | Lair:4   | Reached skill level 20 in Axes
 17983 | Lair:4   | Found a runed translucent gate.
 17990 | Lair:4   | Found a staircase to the Snake Pit.
 18240 | Lair:4   | Found a runed translucent gate.
 18241 | Lair:4   | Found a runed translucent gate.
 18243 | Lair:4   | Noticed Zaegoraum's ghost (journeyman DsAK)
 19045 | Lair:5   | Identified the +6 executioner's axe "Hill Orc's Doom"
                  | {protect, Int+2 Stlth+} (Okawaru gifted it to you on level
                  | 5 of the Lair of Beasts)
 19045 | Lair:5   | Received a gift from Okawaru
 19874 | Lair:6   | Entered Level 6 of the Lair of Beasts
 19963 | Lair:6   | Reached XP level 14. HP: 107/119 MP: 19/19
 20021 | Lair:6   | Reached skill level 10 in Fighting
 20241 | Lair:6   | Found a viscous altar of Jiyva.
 20242 | Lair:6   | Found a staircase to the Slime Pits.
 20471 | Lair:6   | Reached skill level 21 in Axes
 20480 | Lair:6   | Identified the +8 arbalest of the Protecting Viper {vorpal,
                  | rN+ Str+6 Dex-5} (Okawaru gifted it to you on level 6 of
                  | the Lair of Beasts)
 20480 | Lair:6   | Received a gift from Okawaru
 21045 | Lair:6   | Reached skill level 22 in Axes
 21878 | Lair:6   | Received a gift from Okawaru
 22455 | D:11     | Reached skill level 23 in Axes
 22519 | D:11     | Identified the +0 buckler "Jyotar" {Regen+ rCorr} (Okawaru
                  | gifted it to you on level 11 of the Dungeon)
 22519 | D:11     | Received a gift from Okawaru
 22672 | D:11     | Shot with an arrow by a centaur warrior

Illustrated notes

Levels and vault maps discovered:
D:1:      moated_graveyard_arrival, layout_rooms
D:2:      wad_woods_pond, layout_basic, minmay_tromino_i4, uniq_sigmund,
          uniq_natasha
D:3:      layout_basic, mainiacjoe_overflow_small_starburst,
          amcnicky_altar_gilded, shapermc_ecumenical_altar_mp_vishouse
D:4:      layout_basic, chequers_temple_overflow_statue_of_worship
D:5:      layout_rooms, lemuel_doored_altar, kennysheep_vampire_church,
          serial_shops, shop, nicolae_take_the_stairs,
          nicolae_shop_overcharged_wands
D:6:      layout_basic, uniq_prince_ribbit1
D:7:      layout_loops_ring, slow_altar_1, minmay_temple_entry_glass,
          enter_bailey_2
D:8:      layout_basic, kennysheep_generic_room_3
D:9:      layout_cave_pods, uniq_grum, uniq_erica
D:10:     layout_rooms, grunt_lair_entry_orc_guard_hut, serial_shops,
          shop_statue, nicolae_trove_entry_path_of_doom
D:11:     minmay_the_grid_3x3 [minmay_the_grid_odd_star, minmay_the_grid_expand,
          minmay_the_grid_outer_diamond, minmay_the_grid_paths,
          minmay_the_grid_tree, minmay_the_grid_slots, minmay_the_grid_x,
          minmay_the_grid_dragon_a, minmay_the_grid_prize_four_corners],
          layout_cave_pools
Temple:   regret_index_temple_generic_petals
Lair:1:   layout_chaotic_city, st_stairs_10, disabler_island, grunt_megastairs_2
Lair:2:   layout_regular_city
Lair:3:   layout_big_grid, palyth_hydra_swamp_entry, gauntlet_entry_generic,
          grunt_megastairs_1, lemuel_fruit_fields
Lair:4:   layout_concentric_octagons, dummy_snake_entry,
          gammafunk_ghost_necromancy, serial_bayou_shore_b, uniq_snorg
Lair:5:   layout_small_grid, serial_rivers, chequers_serial_rivers_small_b,
          chequers_serial_rivers_marsh, chequers_serial_rivers_small_3,
          chequers_serial_rivers_large_a, chequers_serial_rivers_small_3,
          chequers_serial_rivers_large_b, minmay_lair_oklob_items,
          guppyfry_lair_drakes
Lair:6:   grunt_lair_end_beastmaster, layout_regular_city, slime_altar_1,
          lemuel_fruit_fields

Skill      XL: |  1  2  3  4  5  6  7  8  9 10 11 12 13 14 |
---------------+-------------------------------------------+-----
Axes           | 3 4 5 6 7 8 9 12 16 17 18 20 23 | 23.4
Fighting       | 4 8 9 10 | 10.0
Armour         | 4 5 7 8 10 12 | 12.0
Shields        | 4 |  4.0
Invocations    | 4 5 7 |  7.0
Evocations     | 2 3 5 |  5.0
Dodging        | 4 6 |  6.0
Throwing       | 3 6 |  6.3

Action                   |  1- 3 |  4- 6 |  7- 9 | 10-12 | 13-15 || total
-------------------------+-------+-------+-------+-------+-------++-------
Melee: War axe           |    63 |    96 |   254 |     8 |       ||   421
       Battleaxe         |       |       |       |   283 |   149 ||   432
       Dire flail        |       |       |       |     8 |       ||     8
       Great mace        |       |       |       |     2 |    14 ||    16
       Executioner's axe |       |       |       |       |   229 ||   229
Throw: Dart              |       |       |    15 |    10 |     7 ||    32
       Boomerang         |       |       |       |    62 |    11 ||    73
       Stone             |       |       |       |     4 |       ||     4
       Javelin           |       |       |       |    11 |    42 ||    53
Invok: Heroism           |       |       |       |     4 |     1 ||     5
       Finesse           |       |       |       |     1 |       ||     1
Evoke: Wand              |       |       |     4 |     5 |     8 ||    17
  Use: Potion            |       |     1 |       |     4 |     2 ||     7
       Scroll            |       |       |     4 |    13 |     3 ||    20
 Stab: Paralysed         |       |       |       |     5 |       ||     5
       Confused          |       |       |       |       |     1 ||     1
       Petrified         |       |       |       |       |     1 ||     1
Armor: Scale mail        |    17 |     9 |       |       |       ||    26
       Ring mail         |       |    30 |    51 |       |       ||    81
       Plate armour      |       |       |    35 |   154 |   219 ||   408
Dodge: Dodged            |    22 |    43 |    95 |   141 |   159 ||   460
Block: Buckler           |    16 |    20 |    54 |     1 |       ||    91
